Carnivores vs Monarchs
Created - November 9, 2020 at 06:40
Goals
|
| Carnivores |
0 |
1 |
1 |
2 |
| Monarchs |
0 |
2 |
2 |
4 |
|
Shots
|
| Carnivores |
12 |
13 |
6 |
31 |
| Monarchs |
13 |
13 |
9 |
35 |
|
1st period
No Goal
Penalties :
Nick Ritchie (MAN) for Interference (Minor) at 0:29, Travis Konecny (MAN) for Holding (Minor) at 11:42
2nd period
1. Carnivores , Chris Lawrence 9 (Travis Dermott 8, Scott Laughton 10) at 12:36
2. Monarchs , Zachary Sanford 4 (Frank Vatrano 3) at 15:30
3. Monarchs , Zach Werenski 1 (Nick Ritchie 3, Alexandar Georgiev) at 15:50 (PP)
Penalties :
T.J Brodie (Bre) for Holding (Minor) at 2:14, T.J Brodie (Bre) for Roughing (Double Minor) at 15:33, Nick Ritchie (MAN) for Hooking (Minor) at 15:56
3rd period
4. Carnivores , Joel Armia 4 (Blake Geoffrion 6, Anton Gustafsson 5) at 0:38
5. Monarchs , Jacob Josefson 1 (Tim Schaller 4, Tom Wilson 7) at 9:18
6. Monarchs , Travis Konecny 7 (Brayden Point 5, Nick Ritchie 4) at 10:06 (PP)
Penalties :
Scott Laughton (Bre) for Slashing (Minor) at 3:16, Blake Geoffrion (Bre) for Slashing (Minor) at 9:27, Stefan Matteau (MAN) for Hooking (Minor) at 11:14
Goalie Stats
Tristan Jarry (Bre), 31 saves from 35 shots - (0.886), L, 2-1-0, 60:00 minutes
Alexandar Georgiev (MAN), 29 saves from 31 shots - (0.935), W, 4-1-1, 60:00 minutes
Players Stats for Carnivores
Player Name G A P +/- PIM S H SB GA TA FO MP PP MP PK MP
------------------------------------------------------------------------------------
Adam Almquist 0 0 0 0 0 0 0 0 0 0 0/0 8:29 0:00 0:00
Andreas Englund 0 0 0 0 0 0 1 0 0 1 0/0 14:40 0:00 2:47
Anton Gustafsson 0 1 1 -1 0 2 1 0 0 0 11/21 18:56 2:41 3:27
Blake Geoffrion 0 1 1 -1 2 4 0 0 0 0 1/1 15:53 2:41 0:00
Brett Connolly 0 0 0 0 0 0 0 0 0 0 0/1 1:08 0:00 0:00
Carl Dahlstrom 0 0 0 0 0 1 0 1 0 0 0/0 9:46 0:00 0:00
Chris Lawrence 1 0 1 1 0 3 4 0 0 0 2/2 19:38 3:16 0:00
Hunter Shinkaruk 0 0 0 0 0 2 0 0 0 0 0/0 7:44 0:00 0:12
Joel Armia 1 0 1 -1 0 1 0 0 1 0 0/0 15:09 2:41 0:00
Josh Morrissey 0 0 0 0 0 1 0 4 0 1 0/0 24:43 3:26 2:47
Lucas Wallmark 0 0 0 0 0 0 1 1 0 0 3/4 9:17 0:00 0:57
Mark McNeill 0 0 0 0 0 1 0 0 0 0 0/0 10:11 0:06 0:00
Markus Granlund 0 0 0 0 0 3 3 0 0 0 2/3 11:47 0:06 0:53
Mattias Backman 0 0 0 0 0 0 0 0 0 0 0/0 16:04 2:31 2:13
Nicolas Deslauriers 0 0 0 0 0 3 1 0 0 0 0/0 11:31 0:00 1:21
Nicolas Kerdiles 0 0 0 1 0 3 1 0 0 0 0/0 22:18 3:16 3:10
Riley Barber 0 0 0 0 0 0 0 0 0 0 0/0 7:32 0:00 0:00
Scott Laughton 0 1 1 1 2 4 3 0 0 1 11/19 20:30 3:16 0:00
T.J Brodie 0 0 0 0 6 1 3 2 1 0 0/0 21:38 2:37 1:01
Travis Dermott 0 1 1 0 0 2 0 0 2 0 0/0 17:15 3:32 1:12
Trevor Van Riemsdyk 0 0 0 0 0 0 0 0 0 0 0/0 8:54 0:06 0:00
Players Stats for Monarchs
Player Name G A P +/- PIM S H SB GA TA FO MP PP MP PK MP
------------------------------------------------------------------------------------
Brayden Point 0 1 1 0 0 0 1 0 0 0 3/13 14:08 3:19 0:00
Collin Miller 0 0 0 -1 0 0 1 0 0 0 0/0 14:33 1:52 2:51
Frank Vatrano 0 1 1 0 0 3 3 1 0 1 1/3 14:27 0:04 2:55
Jacob De La Rose 0 0 0 0 0 0 2 1 0 0 1/1 12:31 0:00 3:07
Jacob Josefson 1 0 1 0 0 1 0 0 1 0 5/12 14:30 0:00 1:35
Joel Eriksson Ek 0 0 0 0 0 2 2 1 0 0 2/6 11:01 0:00 1:36
Joonas Lyytinen 0 0 0 -1 0 0 1 3 0 1 0/0 11:58 0:00 3:06
Kurtis Macdermid 0 0 0 2 0 1 0 0 0 0 0/0 10:37 0:00 0:00
Matt Roy 0 0 0 2 0 0 0 0 0 0 0/0 13:57 0:00 0:00
Neal Pionk 0 0 0 -1 0 2 3 0 0 0 0/0 20:29 3:08 1:30
Nicholas Baptiste 0 0 0 0 0 1 2 0 0 0 0/0 9:32 0:00 0:00
Nick Ritchie 0 2 2 0 4 1 2 1 0 0 0/0 17:41 3:14 0:00
Olli Maatta 0 0 0 0 0 0 1 2 0 0 0/0 22:26 1:52 2:57
Seth Helgeson 0 0 0 0 0 0 0 1 0 0 0/0 2:55 0:00 0:47
Stefan Matteau 0 0 0 0 2 3 0 0 0 0 8/14 15:48 1:41 0:00
Tim Schaller 0 1 1 0 0 6 2 0 0 1 1/2 16:14 0:00 2:24
Tom Wilson 0 1 1 0 0 3 1 0 1 1 0/0 16:05 1:41 0:06
Travis Konecny 1 0 1 0 2 6 1 0 0 0 0/0 17:54 3:19 0:00
Zach Werenski 1 0 1 -1 0 3 3 2 1 0 0/0 23:05 3:08 0:55
Zachary Sanford 1 0 1 0 0 3 1 0 0 0 0/0 12:09 1:41 0:23
3 Stars
1 - Chris Lawrence (Bre)
2 - Zach Werenski (MAN)
3 - Zachary Sanford (MAN)
Power Play
Carnivores - 0 on 4 Attempt(s) - 0.00%
Monarchs - 2 on 5 Attempt(s) - 40.00%
Penalty Kill
Carnivores - 3 on 5 Attempt(s) - 60.00%
- Score 0 goal in Penalty Kill
Monarchs - 4 on 4 Attempt(s) - 100.00%
- Score 0 goal in Penalty Kill
Team Stat
Carnivores - Hits : 18 - Faceoff Wins : 30 - Blocked Shots : 8 - Penalty Minutes : 10
Monarchs - Hits : 26 - Faceoff Wins : 21 - Blocked Shots : 12 - Penalty Minutes : 8
Official
Referees : Unknown
Linesman : Unknown
Game Notes
Seth Helgeson is injured at 9:59 of 1st period (Upper Body)
Finance
Level 1 -- Attendance: 1974 (98.70%) -- Ticket Income $49,350
Level 2 -- Attendance: 987 (98.70%) -- Ticket Income $9,870
Total Attendance: 2961 (98.70%)
Total Ticket Income: $59,220
Other Income: $2,961
Total Income: $62,181
Carnivores
5 vs 5 Forward
Center Left Wing Right Wing Time % Phy DF OF
1 Scott Laughton Nicolas Kerdiles Chris Lawrence 40 1 2 2
2 Anton Gustafsson Blake Geoffrion Joel Armia 30 1 2 2
3 Markus Granlund Nicolas Deslauriers Mark McNeill 20 1 2 2
4 Lucas Wallmark Hunter Shinkaruk Riley Barber 10 1 2 2
5 vs 5 Defense
Defense Defense Time % Phy DF OF
1 T.J Brodie Josh Morrissey 40 1 2 2
2 Andreas Englund Travis Dermott 30 1 2 2
3 Carl Dahlstrom Mattias Backman 20 1 2 2
4 Trevor Van Riemsdyk Adam Almquist 10 1 2 2
PowerPlay Forward
Center Left Wing Right Wing Time % Phy DF OF
1 Scott Laughton Nicolas Kerdiles Chris Lawrence 60 1 1 3
2 Anton Gustafsson Blake Geoffrion Joel Armia 40 1 2 2
PowerPlay Defense
Defense Defense Time % Phy DF OF
1 Josh Morrissey Travis Dermott 60 1 2 2
2 T.J Brodie Mattias Backman 40 1 1 3
Penalty Kill 4 Players Forward
Center Wing Time % Phy DF OF
1 Anton Gustafsson Nicolas Kerdiles 60 1 2 2
2 Markus Granlund Nicolas Deslauriers 40 1 2 2
Penalty Kill 4 Players Defense
Defense Defense Time % Phy DF OF
1 Andreas Englund Josh Morrissey 60 1 3 1
2 T.J Brodie Mattias Backman 40 1 3 1
Penalty Kill - 3 Players Forward
Forward Time % Phy DF OF
1 Anton Gustafsson 60 1 3 1
2 Mark McNeill 40 1 3 1
Penalty Kill - 3 Players Defense
Defense Defense Time % Phy DF OF
1 Andreas Englund Josh Morrissey 60 1 3 1
2 T.J Brodie Mattias Backman 40 1 3 1
4 vs 4 Forward
Center Wing Time % Phy DF OF
1 Scott Laughton Blake Geoffrion 60 1 2 2
2 Anton Gustafsson Chris Lawrence 40 1 2 2
4 vs 4 Defense
Defense Defense Time % Phy DF OF
1 T.J Brodie Josh Morrissey 60 1 2 2
2 Mattias Backman Travis Dermott 40 1 2 2
Last Minutes Offensive
Center Left Wing Right Wing Defense Defense
Scott Laughton Blake Geoffrion Chris Lawrence Josh Morrissey Travis Dermott
Last Minutes Defensive
Center Left Wing Right Wing Defense Defense
Markus Granlund Nicolas Kerdiles Mark McNeill Josh Morrissey Travis Dermott
Goaltenders
Starting : Tristan Jarry
Backup : Niklas Svedberg
Extra Forwards
Normal : Brett Connolly, Markus Granlund, Mark McNeill - PP : Brett Connolly, Riley Barber - PK : Lucas Wallmark
Extra Defensemen
Normal : Adam Almquist, Mattias Backman, Trevor Van Riemsdyk - PP : Adam Almquist - PK : Mattias Backman, T.J Brodie
Penalty Shots
Joel Armia, Anton Gustafsson, Blake Geoffrion, Chris Lawrence, Scott Laughton
Scratches
Ryan Olsen (Healthy), Freddie Hamilton (Healthy), Mat Clark (Bruised Left Arm Injury), Sergei Zborovskiy (Healthy), Filip Chlapik (Healthy)
Stanislav Galiev (Healthy), Mark MacMillan (Healthy), Troy Bourke (Healthy), Alexandre Mallet (Healthy), Christian Djoos (Back Spasms Injury)
Josh Wesley (Healthy), Linus Ullmark (Healthy), Felix Sanstrom (Healthy)
Monarchs
5 vs 5 Forward
Center Left Wing Right Wing Time % Phy DF OF
1 Jacob Josefson Tim Schaller Tom Wilson 30 1 2 2
2 Stefan Matteau Nick Ritchie Travis Konecny 30 1 2 2
3 Brayden Point Zachary Sanford Frank Vatrano 25 1 2 2
4 Joel Eriksson Ek Jacob De La Rose Nicholas Baptiste 15 1 3 1
5 vs 5 Defense
Defense Defense Time % Phy DF OF
1 Olli Maatta Zach Werenski 40 1 2 2
2 Neal Pionk Seth Helgeson 35 1 2 2
3 Collin Miller Joonas Lyytinen 15 1 2 2
4 Matt Roy Kurtis Macdermid 10 2 2 1
PowerPlay Forward
Center Left Wing Right Wing Time % Phy DF OF
1 Brayden Point Nick Ritchie Travis Konecny 60 0 1 4
2 Stefan Matteau Zachary Sanford Tom Wilson 40 0 1 4
PowerPlay Defense
Defense Defense Time % Phy DF OF
1 Neal Pionk Zach Werenski 60 0 2 3
2 Collin Miller Olli Maatta 40 0 2 3
Penalty Kill 4 Players Forward
Center Wing Time % Phy DF OF
1 Frank Vatrano Jacob De La Rose 60 1 3 1
2 Tim Schaller Joel Eriksson Ek 40 1 3 1
Penalty Kill 4 Players Defense
Defense Defense Time % Phy DF OF
1 Olli Maatta Collin Miller 60 1 3 1
2 Seth Helgeson Joonas Lyytinen 40 1 3 1
Penalty Kill - 3 Players Forward
Forward Time % Phy DF OF
1 Jacob De La Rose 60 1 3 1
2 Frank Vatrano 40 1 3 1
Penalty Kill - 3 Players Defense
Defense Defense Time % Phy DF OF
1 Collin Miller Olli Maatta 60 1 3 1
2 Joonas Lyytinen Seth Helgeson 40 1 3 1
4 vs 4 Forward
Center Wing Time % Phy DF OF
1 Tim Schaller Brayden Point 60 1 2 2
2 Tom Wilson Travis Konecny 40 1 2 2
4 vs 4 Defense
Defense Defense Time % Phy DF OF
1 Olli Maatta Zach Werenski 60 1 2 2
2 Seth Helgeson Neal Pionk 40 1 2 2
Last Minutes Offensive
Center Left Wing Right Wing Defense Defense
Stefan Matteau Tim Schaller Travis Konecny Neal Pionk Zach Werenski
Last Minutes Defensive
Center Left Wing Right Wing Defense Defense
Stefan Matteau Jacob De La Rose Tom Wilson Olli Maatta Zach Werenski
Goaltenders
Starting : Alexandar Georgiev
Backup : Jake Allen
Extra Forwards
Normal : Frank Vatrano, Travis Konecny, Tom Wilson - PP : Frank Vatrano, Stefan Matteau - PK : Frank Vatrano
Extra Defensemen
Normal : Zach Werenski, Neal Pionk, Olli Maatta - PP : Collin Miller - PK : Zach Werenski, Neal Pionk
Penalty Shots
Brayden Point, Travis Konecny, Zachary Sanford, Tim Schaller, Olli Maatta
Scratches
Anthony Cirelli (Head Injury), Kyle Connor (Left Forearm Injury), Jordan Greenway (Healthy), Dennis Gilbert (Healthy), Zack MacEwen (Healthy)
Bokondji Imama (Healthy), Derek Forbort (Healthy), Josh Anderson (Healthy), Ryan Pulock (Torso Injury), Gustav Forsling (Healthy)
Austin Wuthrich (Healthy), Eamon McAdam (Healthy)
% Time on Ice - Carnivores
Lines # - Real PCT - Wanted PCT - Time Play
Normal Forward
1 - 38% - 40% - 18:03
2 - 26% - 30% - 12:18
3 - 20% - 20% - 9:11
4 - 16% - 10% - 7:32
Normal Defense
1 - 38% - 40% - 18:00
2 - 25% - 30% - 11:36
3 - 21% - 20% - 9:46
4 - 16% - 10% - 7:42
PP Forward
1 - 56% - 60% - 3:22
2 - 44% - 40% - 2:41
PP Defense
1 - 58% - 60% - 3:32
2 - 42% - 40% - 2:31
PK Forward
1 - 86% - 60% - 4:17
2 - 14% - 40% - 0:43
PK Defense
1 - 56% - 60% - 2:47
2 - 44% - 40% - 2:13
PK3 Forward
1 - 0% - 60%
2 - 0% - 40%
PK3 Defense
1 - 0% - 60%
2 - 0% - 40%
44 Forward
1 - 73% - 60% - 1:23
2 - 27% - 40% - 0:30
44 Defense
1 - 85% - 60% - 1:36
2 - 15% - 40% - 0:17
Last Minute Offensive - 0:00
Last Minute Defensive - 0:00
Total
Forward - 60:00
Defense - 60:00
|
% Time on Ice - Monarchs
Lines # - Real PCT - Wanted PCT - Time Play
Normal Forward
1 - 29% - 30% - 13:48
2 - 30% - 30% - 14:07
3 - 21% - 25% - 9:53
4 - 20% - 15% - 9:16
Normal Defense
1 - 27% - 40% - 12:34
2 - 32% - 35% - 15:14
3 - 18% - 15% - 8:39
4 - 23% - 10% - 10:37
PP Forward
1 - 66% - 60% - 3:19
2 - 34% - 40% - 1:41
PP Defense
1 - 63% - 60% - 3:08
2 - 37% - 40% - 1:52
PK Forward
1 - 74% - 60% - 4:27
2 - 26% - 40% - 1:36
PK Defense
1 - 47% - 60% - 2:51
2 - 53% - 40% - 3:12
PK3 Forward
1 - 0% - 60%
2 - 0% - 40%
PK3 Defense
1 - 0% - 60%
2 - 0% - 40%
44 Forward
1 - 81% - 60% - 1:31
2 - 19% - 40% - 0:22
44 Defense
1 - 33% - 60% - 0:37
2 - 67% - 40% - 1:16
Last Minute Offensive - 0:00
Last Minute Defensive - 0:00
Total
Forward - 60:00
Defense - 60:00
|
Play-by-Play
1st period
0:01 of 1st period - Jacob Josefson wins face-off versus Scott Laughton in neutral zone.
0:16 of 1st period - Snap shot by Tim Schaller.
0:16 of 1st period - Stopped by Tristan Jarry without a rebound.
0:17 of 1st period - Stefan Matteau wins face-off versus Anton Gustafsson in Carnivores zone.
0:20 of 1st period - Wrist shot by Stefan Matteau.
0:20 of 1st period - Stopped by Tristan Jarry with a rebound.
0:29 of 1st period - Minor Penalty to Nick Ritchie for Interference.
0:30 of 1st period - Scott Laughton wins face-off versus Frank Vatrano in Monarchs zone.
0:30 of 1st period - Snap shot by Chris Lawrence.
0:30 of 1st period - Stopped by Alexandar Georgiev with a rebound.
0:32 of 1st period - Slapshot by Chris Lawrence.
0:32 of 1st period - Shot Misses the Net.
0:34 of 1st period - Slapshot by Josh Morrissey.
0:34 of 1st period - Stopped by Alexandar Georgiev with a rebound.
0:36 of 1st period - Slapshot by Nicolas Kerdiles.
0:36 of 1st period - Stopped by Alexandar Georgiev with a rebound.
1:34 of 1st period - T.J Brodie is hit by Joonas Lyytinen and loses puck.
2:18 of 1st period - Icing by Chris Lawrence.
2:19 of 1st period - Frank Vatrano wins face-off versus Scott Laughton in Carnivores zone.
2:29 of 1st period - Penalty to Nick Ritchie is over, Nick Ritchie is back on ice.
2:40 of 1st period - Slapshot by Nick Ritchie.
2:40 of 1st period - Shot Misses the Net.
3:41 of 1st period - Snap shot by Markus Granlund.
3:41 of 1st period - Stopped by Alexandar Georgiev with a rebound.
3:43 of 1st period - Slapshot by Nicolas Deslauriers.
3:43 of 1st period - Shot Misses the Net.
3:45 of 1st period - Snap shot by Carl Dahlstrom.
3:45 of 1st period - Stopped by Alexandar Georgiev without a rebound.
3:46 of 1st period - Scott Laughton wins face-off versus Brayden Point in Monarchs zone.
3:56 of 1st period - Scott Laughton is hit by Frank Vatrano and loses puck.
4:13 of 1st period - Tim Schaller is hit by Markus Granlund and loses puck.
4:32 of 1st period - Slapshot by Travis Konecny.
4:32 of 1st period - Stopped by Tristan Jarry with a rebound.
4:52 of 1st period - Wrist shot by Riley Barber.
4:52 of 1st period - Shot Blocked by Joonas Lyytinen.
4:58 of 1st period - Riley Barber is hit by Nicholas Baptiste and loses puck.
5:38 of 1st period - Wrist shot by Tim Schaller.
5:38 of 1st period - Stopped by Tristan Jarry without a rebound.
5:39 of 1st period - Anton Gustafsson wins face-off versus Tim Schaller in Carnivores zone.
5:52 of 1st period - Snap shot by Blake Geoffrion.
5:52 of 1st period - Stopped by Alexandar Georgiev with a rebound.
5:54 of 1st period - Snap shot by Joel Armia.
5:54 of 1st period - Shot Blocked by Olli Maatta.
6:02 of 1st period - Scott Laughton is hit by Olli Maatta and loses puck.
6:09 of 1st period - Snap shot by Chris Lawrence.
6:09 of 1st period - Stopped by Alexandar Georgiev with a rebound.
7:05 of 1st period - Mattias Backman is hit by Nicholas Baptiste and loses puck.
7:24 of 1st period - Wrist shot by Nick Ritchie.
7:24 of 1st period - Stopped by Tristan Jarry with a rebound.
8:01 of 1st period - T.J Brodie is hit by Joel Eriksson Ek and loses puck.
8:05 of 1st period - Icing by T.J Brodie.
8:06 of 1st period - Jacob Josefson wins face-off versus Lucas Wallmark in Carnivores zone.
8:13 of 1st period - Snap shot by Jacob Josefson.
8:13 of 1st period - Shot Blocked by T.J Brodie.
8:38 of 1st period - Snap shot by Frank Vatrano.
8:38 of 1st period - Shot Misses the Net.
8:40 of 1st period - Slapshot by Frank Vatrano.
8:40 of 1st period - Shot Misses the Net.
8:42 of 1st period - Slapshot by Kurtis Macdermid.
8:42 of 1st period - Stopped by Tristan Jarry with a rebound.
9:01 of 1st period - Chris Lawrence is hit by Nick Ritchie and loses puck.
9:59 of 1st period - Slapshot by Nicolas Kerdiles.
9:59 of 1st period - Shot Blocked by Seth Helgeson.
9:59 of 1st period - Seth Helgeson from Monarchs is injured at 9:59 of 1st period (Upper Body).
10:00 of 1st period - Scott Laughton wins face-off versus Stefan Matteau in Monarchs zone.
10:01 of 1st period - Snap shot by Nicolas Kerdiles.
10:01 of 1st period - Deflect By Scott Laughton.
10:01 of 1st period - Stopped by Alexandar Georgiev with a rebound.
10:13 of 1st period - Snap shot by Travis Konecny.
10:13 of 1st period - Stopped by Tristan Jarry with a rebound.
10:15 of 1st period - Slapshot by Neal Pionk.
10:15 of 1st period - Shot Blocked by Josh Morrissey.
10:25 of 1st period - Chris Lawrence is hit by Neal Pionk and loses puck.
10:54 of 1st period - Anton Gustafsson is hit by Collin Miller and loses puck.
11:09 of 1st period - Wrist shot by Nicolas Deslauriers.
11:09 of 1st period - Shot Misses the Net.
11:13 of 1st period - Slapshot by Mark McNeill.
11:13 of 1st period - Shot Blocked by Zach Werenski.
11:15 of 1st period - Snap shot by Mark McNeill.
11:15 of 1st period - Stopped by Alexandar Georgiev with a rebound.
11:42 of 1st period - Minor Penalty to Travis Konecny for Holding.
11:43 of 1st period - Jacob De La Rose wins face-off versus Scott Laughton in Monarchs zone.
13:42 of 1st period - Penalty to Travis Konecny is over, Travis Konecny is back on ice.
14:32 of 1st period - Icing by Kurtis Macdermid.
14:33 of 1st period - Markus Granlund wins face-off versus Joel Eriksson Ek in Monarchs zone.
15:00 of 1st period - Snap shot by Tim Schaller.
15:00 of 1st period - Stopped by Tristan Jarry with a rebound.
15:02 of 1st period - Snap shot by Tim Schaller.
15:02 of 1st period - Stopped by Tristan Jarry with a rebound.
15:04 of 1st period - Slapshot by Tom Wilson.
15:04 of 1st period - Stopped by Tristan Jarry with a rebound.
15:06 of 1st period - Snap shot by Tim Schaller.
15:06 of 1st period - Stopped by Tristan Jarry with a rebound.
15:20 of 1st period - Wrist shot by Blake Geoffrion.
15:20 of 1st period - Shot Misses the Net.
16:01 of 1st period - Snap shot by Nicolas Deslauriers.
16:01 of 1st period - Stopped by Alexandar Georgiev with a rebound.
17:00 of 1st period - Andreas Englund is hit by Tom Wilson and loses puck.
17:19 of 1st period - Travis Konecny is hit by Nicolas Kerdiles and loses puck.
17:52 of 1st period - Wrist shot by Nicholas Baptiste.
17:52 of 1st period - Shot Misses the Net.
18:10 of 1st period - Anton Gustafsson is hit by Frank Vatrano and loses puck.
18:49 of 1st period - Wrist shot by Hunter Shinkaruk.
18:49 of 1st period - Stopped by Alexandar Georgiev with a rebound.
18:51 of 1st period - Snap shot by Riley Barber.
18:51 of 1st period - Deflect By Hunter Shinkaruk.
18:51 of 1st period - Stopped by Alexandar Georgiev with a rebound.
18:53 of 1st period - Slapshot by Riley Barber.
18:53 of 1st period - Shot Misses the Net.
19:05 of 1st period - Blake Geoffrion is hit by Zachary Sanford and loses puck.
19:10 of 1st period - Slapshot by Frank Vatrano.
19:10 of 1st period - Stopped by Tristan Jarry with a rebound.
19:12 of 1st period - Snap shot by Brayden Point.
19:12 of 1st period - Shot Misses the Net.
19:23 of 1st period - Off-side.
19:24 of 1st period - Stefan Matteau wins face-off versus Markus Granlund in neutral zone.
19:39 of 1st period - Snap shot by Travis Konecny.
19:39 of 1st period - Stopped by Tristan Jarry with a rebound.
19:49 of 1st period - Wrist shot by Travis Konecny.
19:49 of 1st period - Shot Blocked by Josh Morrissey.
Goals for this period are 0 for Carnivores vs 0 for Monarchs .
Shots for this period are 12 for Carnivores vs 13 for Monarchs .
2nd period
0:01 of 2nd period - Scott Laughton wins face-off versus Jacob Josefson in neutral zone.
0:08 of 2nd period - Chris Lawrence is hit by Tim Schaller and loses puck.
1:22 of 2nd period - Slapshot by Stefan Matteau.
1:22 of 2nd period - Stopped by Tristan Jarry without a rebound.
1:23 of 2nd period - Lucas Wallmark wins face-off versus Jacob Josefson in Carnivores zone.
1:32 of 2nd period - Snap shot by Hunter Shinkaruk.
1:32 of 2nd period - Shot Misses the Net.
2:09 of 2nd period - Wrist shot by Stefan Matteau.
2:09 of 2nd period - Stopped by Tristan Jarry without a rebound.
2:10 of 2nd period - Stefan Matteau wins face-off versus Anton Gustafsson in Carnivores zone.
2:14 of 2nd period - Minor Penalty to T.J Brodie for Holding.
2:15 of 2nd period - Anton Gustafsson wins face-off versus Brayden Point in Carnivores zone.
2:25 of 2nd period - Snap shot by Neal Pionk.
2:25 of 2nd period - Shot Misses the Net.
2:27 of 2nd period - Snap shot by Neal Pionk.
2:27 of 2nd period - Stopped by Tristan Jarry without a rebound.
2:28 of 2nd period - Anton Gustafsson wins face-off versus Brayden Point in Carnivores zone.
3:00 of 2nd period - Off-side.
3:01 of 2nd period - Anton Gustafsson wins face-off versus Stefan Matteau in neutral zone.
3:52 of 2nd period - Neal Pionk is hit by Markus Granlund and loses puck.
4:14 of 2nd period - Penalty to T.J Brodie is over, T.J Brodie is back on ice.
4:19 of 2nd period - Andreas Englund is hit by Joel Eriksson Ek and loses puck.
4:40 of 2nd period - Snap shot by Tom Wilson.
4:40 of 2nd period - Shot Misses the Net.
4:54 of 2nd period - Andreas Englund is hit by Zach Werenski and loses puck.
5:07 of 2nd period - Wrist shot by Scott Laughton.
5:07 of 2nd period - Stopped by Alexandar Georgiev with a rebound.
5:09 of 2nd period - Snap shot by Chris Lawrence.
5:09 of 2nd period - Shot Blocked by Joel Eriksson Ek.
5:11 of 2nd period - Snap shot by Scott Laughton.
5:11 of 2nd period - Stopped by Alexandar Georgiev without a rebound.
5:12 of 2nd period - Joel Eriksson Ek wins face-off versus Scott Laughton in Monarchs zone.
5:54 of 2nd period - Nick Ritchie is hit by Scott Laughton and loses puck.
6:09 of 2nd period - Snap shot by Markus Granlund.
6:09 of 2nd period - Shot Misses the Net.
7:10 of 2nd period - Wrist shot by Anton Gustafsson.
7:10 of 2nd period - Deflect By Nicolas Kerdiles.
7:10 of 2nd period - Stopped by Alexandar Georgiev without a rebound.
7:11 of 2nd period - Scott Laughton wins face-off versus Joel Eriksson Ek in Monarchs zone.
7:12 of 2nd period - Slapshot by Chris Lawrence.
7:12 of 2nd period - Shot Misses the Net.
7:18 of 2nd period - Josh Morrissey is hit by Zach Werenski and loses puck.
7:42 of 2nd period - Snap shot by Anton Gustafsson.
7:42 of 2nd period - Stopped by Alexandar Georgiev with a rebound.
7:56 of 2nd period - Nick Ritchie is hit by Nicolas Deslauriers and loses puck.
8:32 of 2nd period - Icing by Andreas Englund.
8:33 of 2nd period - Lucas Wallmark wins face-off versus Brayden Point in Carnivores zone.
8:48 of 2nd period - Snap shot by Hunter Shinkaruk.
8:48 of 2nd period - Shot Blocked by Zach Werenski.
9:06 of 2nd period - Snap shot by Tom Wilson.
9:06 of 2nd period - Shot Misses the Net.
9:20 of 2nd period - Slapshot by Neal Pionk.
9:20 of 2nd period - Deflect By Mattias Backman.
9:20 of 2nd period - Stopped by Tristan Jarry without a rebound.
9:21 of 2nd period - Blake Geoffrion wins face-off versus Joel Eriksson Ek in Carnivores zone.
9:36 of 2nd period - Snap shot by Anton Gustafsson.
9:36 of 2nd period - Stopped by Alexandar Georgiev with a rebound.
9:47 of 2nd period - Jacob De La Rose is hit by T.J Brodie and loses puck.
9:56 of 2nd period - Josh Morrissey is hit by Jacob De La Rose and loses puck.
10:17 of 2nd period - Slapshot by Zach Werenski.
10:17 of 2nd period - Shot Blocked by Carl Dahlstrom.
10:19 of 2nd period - Snap shot by Nicholas Baptiste.
10:19 of 2nd period - Shot Misses the Net.
10:21 of 2nd period - Wrist shot by Joel Eriksson Ek.
10:21 of 2nd period - Stopped by Tristan Jarry without a rebound.
10:22 of 2nd period - Jacob Josefson wins face-off versus Scott Laughton in Carnivores zone.
11:09 of 2nd period - Brayden Point is hit by Lucas Wallmark and loses puck.
11:18 of 2nd period - Snap shot by Hunter Shinkaruk.
11:18 of 2nd period - Shot Misses the Net.
11:29 of 2nd period - Off-side.
11:30 of 2nd period - Chris Lawrence wins face-off versus Jacob Josefson in neutral zone.
12:16 of 2nd period - Wrist shot by Nicolas Deslauriers.
12:16 of 2nd period - Stopped by Alexandar Georgiev with a rebound.
12:18 of 2nd period - Snap shot by Nicolas Deslauriers.
12:18 of 2nd period - Shot Misses the Net.
12:20 of 2nd period - Snap shot by Mark McNeill.
12:20 of 2nd period - Shot Blocked by Frank Vatrano.
12:22 of 2nd period - Slapshot by Travis Dermott.
12:22 of 2nd period - Stopped by Alexandar Georgiev without a rebound.
12:23 of 2nd period - Scott Laughton wins face-off versus Jacob Josefson in Monarchs zone.
12:26 of 2nd period - Wrist shot by Scott Laughton.
12:26 of 2nd period - Shot Blocked by Joonas Lyytinen.
12:30 of 2nd period - Wrist shot by Chris Lawrence.
12:30 of 2nd period - Shot Misses the Net.
12:32 of 2nd period - Slapshot by Scott Laughton.
12:32 of 2nd period - Shot Hit the Post.
12:34 of 2nd period - Backhand shot by Travis Dermott.
12:34 of 2nd period - Shot Blocked by Joonas Lyytinen.
12:36 of 2nd period - Snap shot by Chris Lawrence.
12:36 of 2nd period - Goal by Chris Lawrence - Carnivores : 1 - Monarchs : 0.
12:37 of 2nd period - Scott Laughton wins face-off versus Jacob Josefson in neutral zone.
13:04 of 2nd period - Olli Maatta is hit by Anton Gustafsson and loses puck.
14:07 of 2nd period - Trevor Van Riemsdyk is hit by Neal Pionk and loses puck.
14:14 of 2nd period - Snap shot by Tom Wilson.
14:14 of 2nd period - Stopped by Tristan Jarry with a rebound.
14:16 of 2nd period - Slapshot by Tom Wilson.
14:16 of 2nd period - Stopped by Tristan Jarry without a rebound.
14:17 of 2nd period - Anton Gustafsson wins face-off versus Stefan Matteau in Carnivores zone.
14:51 of 2nd period - Snap shot by Nicolas Deslauriers.
14:51 of 2nd period - Stopped by Alexandar Georgiev with a rebound.
14:53 of 2nd period - Snap shot by Nicolas Deslauriers.
14:53 of 2nd period - Deflect By Nick Ritchie.
14:53 of 2nd period - Shot Blocked by Nick Ritchie.
14:53 of 2nd period - Puck is out of play.
14:54 of 2nd period - Scott Laughton wins face-off versus Jacob Josefson in Monarchs zone.
15:03 of 2nd period - Snap shot by Nicolas Kerdiles.
15:03 of 2nd period - Stopped by Alexandar Georgiev with a rebound.
15:19 of 2nd period - Andreas Englund is hit by Frank Vatrano and loses puck.
15:28 of 2nd period - Snap shot by Frank Vatrano.
15:28 of 2nd period - Deflect By Blake Geoffrion.
15:28 of 2nd period - Stopped by Tristan Jarry with a rebound.
15:30 of 2nd period - Wrist shot by Zachary Sanford.
15:30 of 2nd period - Goal by Zachary Sanford - Carnivores : 1 - Monarchs : 1.
15:31 of 2nd period - Scott Laughton wins face-off versus Jacob Josefson in neutral zone.
15:33 of 2nd period - Double Minor Penalty to T.J Brodie for Roughing.
15:34 of 2nd period - Brayden Point wins face-off versus Anton Gustafsson in Carnivores zone.
15:38 of 2nd period - Snap shot by Zach Werenski.
15:38 of 2nd period - Stopped by Tristan Jarry without a rebound.
15:39 of 2nd period - Anton Gustafsson wins face-off versus Brayden Point in Carnivores zone.
15:50 of 2nd period - Slapshot by Zach Werenski.
15:50 of 2nd period - Goal by Zach Werenski - Carnivores : 1 - Monarchs : 2.
15:51 of 2nd period - Anton Gustafsson wins face-off versus Brayden Point in neutral zone.
15:56 of 2nd period - Minor Penalty to Nick Ritchie for Hooking.
15:57 of 2nd period - Tim Schaller wins face-off versus Scott Laughton in Monarchs zone.
16:51 of 2nd period - Josh Morrissey is hit by Neal Pionk and loses puck.
17:30 of 2nd period - Snap shot by Brett Connolly.
17:30 of 2nd period - Shot Misses the Net.
17:50 of 2nd period - Penalty to T.J Brodie is over, T.J Brodie is back on ice.
17:56 of 2nd period - Penalty to Nick Ritchie is over, Nick Ritchie is back on ice.
17:58 of 2nd period - Slapshot by Olli Maatta.
17:58 of 2nd period - Shot Misses the Net.
18:18 of 2nd period - Wrist shot by T.J Brodie.
18:18 of 2nd period - Stopped by Alexandar Georgiev with a rebound.
18:32 of 2nd period - Snap shot by Frank Vatrano.
18:32 of 2nd period - Stopped by Tristan Jarry without a rebound.
18:33 of 2nd period - Joel Eriksson Ek wins face-off versus Anton Gustafsson in Carnivores zone.
18:34 of 2nd period - Snap shot by Nicholas Baptiste.
18:34 of 2nd period - Deflect By Joel Eriksson Ek.
18:34 of 2nd period - Stopped by Tristan Jarry with a rebound.
18:42 of 2nd period - Slapshot by Blake Geoffrion.
18:42 of 2nd period - Stopped by Alexandar Georgiev with a rebound.
18:44 of 2nd period - Slapshot by Blake Geoffrion.
18:44 of 2nd period - Stopped by Alexandar Georgiev with a rebound.
19:00 of 2nd period - Mattias Backman is hit by Travis Konecny and loses puck.
Goals for this period are 1 for Carnivores vs 2 for Monarchs .
Shots for this period are 13 for Carnivores vs 13 for Monarchs .
3rd period
0:01 of 3rd period - Scott Laughton wins face-off versus Stefan Matteau in neutral zone.
0:34 of 3rd period - Wrist shot by Travis Dermott.
0:34 of 3rd period - Stopped by Alexandar Georgiev without a rebound.
0:35 of 3rd period - Anton Gustafsson wins face-off versus Brayden Point in Monarchs zone.
0:36 of 3rd period - Wrist shot by Blake Geoffrion.
0:36 of 3rd period - Stopped by Alexandar Georgiev with a rebound.
0:38 of 3rd period - Snap shot by Joel Armia.
0:38 of 3rd period - Goal by Joel Armia - Carnivores : 2 - Monarchs : 2.
0:39 of 3rd period - Brayden Point wins face-off versus Scott Laughton in neutral zone.
0:48 of 3rd period - Wrist shot by Zachary Sanford.
0:48 of 3rd period - Stopped by Tristan Jarry with a rebound.
0:50 of 3rd period - Wrist shot by Zachary Sanford.
0:50 of 3rd period - Shot Blocked by T.J Brodie.
0:52 of 3rd period - Backhand shot by Olli Maatta.
0:52 of 3rd period - Shot Blocked by Josh Morrissey.
0:54 of 3rd period - Wrist shot by Zachary Sanford.
0:54 of 3rd period - Stopped by Tristan Jarry without a rebound.
0:55 of 3rd period - Stefan Matteau wins face-off versus Anton Gustafsson in Carnivores zone.
2:09 of 3rd period - Snap shot by Nicholas Baptiste.
2:09 of 3rd period - Shot Blocked by Lucas Wallmark.
2:11 of 3rd period - Wrist shot by Nicholas Baptiste.
2:11 of 3rd period - Stopped by Tristan Jarry with a rebound.
2:13 of 3rd period - Slapshot by Nicholas Baptiste.
2:13 of 3rd period - Shot Misses the Net.
2:22 of 3rd period - Off-side.
2:23 of 3rd period - Stefan Matteau wins face-off versus Anton Gustafsson in neutral zone.
2:50 of 3rd period - T.J Brodie is hit by Brayden Point.
2:51 of 3rd period - Icing by T.J Brodie.
2:52 of 3rd period - Scott Laughton wins face-off versus Brayden Point in Carnivores zone.
3:16 of 3rd period - Minor Penalty to Scott Laughton for Slashing.
3:17 of 3rd period - Anton Gustafsson wins face-off versus Brayden Point in Carnivores zone.
4:47 of 3rd period - Stefan Matteau is hit by Andreas Englund and loses puck.
5:16 of 3rd period - Penalty to Scott Laughton is over, Scott Laughton is back on ice.
5:22 of 3rd period - Slapshot by Markus Granlund.
5:22 of 3rd period - Stopped by Alexandar Georgiev with a rebound.
5:28 of 3rd period - Markus Granlund is hit by Jacob De La Rose.
5:41 of 3rd period - Wrist shot by Markus Granlund.
5:41 of 3rd period - Shot Misses the Net.
5:43 of 3rd period - Backhand shot by Scott Laughton.
5:43 of 3rd period - Shot Misses the Net.
5:45 of 3rd period - Snap shot by Scott Laughton.
5:45 of 3rd period - Stopped by Alexandar Georgiev without a rebound.
5:46 of 3rd period - Lucas Wallmark wins face-off versus Joel Eriksson Ek in Monarchs zone.
6:11 of 3rd period - Matt Roy is hit by Chris Lawrence and loses puck.
6:18 of 3rd period - Joel Eriksson Ek is hit by Chris Lawrence and loses puck.
6:29 of 3rd period - Mattias Backman is hit by Nick Ritchie and loses puck.
6:52 of 3rd period - Slapshot by Zach Werenski.
6:52 of 3rd period - Stopped by Tristan Jarry with a rebound.
7:00 of 3rd period - Slapshot by Anton Gustafsson.
7:00 of 3rd period - Deflect By Blake Geoffrion.
7:00 of 3rd period - Shot Misses the Net.
7:00 of 3rd period - Puck is out of play.
7:01 of 3rd period - Jacob Josefson wins face-off versus Scott Laughton in Monarchs zone.
7:14 of 3rd period - Slapshot by Tim Schaller.
7:14 of 3rd period - Stopped by Tristan Jarry with a rebound.
7:22 of 3rd period - Tim Schaller is hit by T.J Brodie and loses puck.
9:06 of 3rd period - Icing by Tom Wilson.
9:07 of 3rd period - Jacob Josefson wins face-off versus Anton Gustafsson in Monarchs zone.
9:18 of 3rd period - Wrist shot by Jacob Josefson.
9:18 of 3rd period - Goal by Jacob Josefson - Carnivores : 2 - Monarchs : 3.
9:19 of 3rd period - Stefan Matteau wins face-off versus Anton Gustafsson in neutral zone.
9:27 of 3rd period - Minor Penalty to Blake Geoffrion for Slashing.
9:28 of 3rd period - Anton Gustafsson wins face-off versus Brayden Point in Carnivores zone.
9:44 of 3rd period - Icing by Neal Pionk.
9:45 of 3rd period - Brayden Point wins face-off versus Anton Gustafsson in Monarchs zone.
10:06 of 3rd period - Snap shot by Travis Konecny.
10:06 of 3rd period - Goal by Travis Konecny - Carnivores : 2 - Monarchs : 4.
10:07 of 3rd period - Anton Gustafsson wins face-off versus Stefan Matteau in neutral zone.
10:32 of 3rd period - Stefan Matteau is hit by Chris Lawrence and loses puck.
11:08 of 3rd period - Snap shot by Markus Granlund.
11:08 of 3rd period - Shot Blocked by Olli Maatta.
11:14 of 3rd period - Minor Penalty to Stefan Matteau for Hooking.
11:15 of 3rd period - Chris Lawrence wins face-off versus Frank Vatrano in Monarchs zone.
12:29 of 3rd period - Scott Laughton is hit by Tim Schaller and loses puck.
13:14 of 3rd period - Penalty to Stefan Matteau is over, Stefan Matteau is back on ice.
13:17 of 3rd period - Snap shot by Markus Granlund.
13:17 of 3rd period - Shot Misses the Net.
13:19 of 3rd period - Wrist shot by Mark McNeill.
13:19 of 3rd period - Shot Misses the Net.
13:21 of 3rd period - Wrist shot by Nicolas Deslauriers.
13:21 of 3rd period - Shot Blocked by Jacob De La Rose.
14:45 of 3rd period - Kurtis Macdermid is hit by Scott Laughton and loses puck.
15:15 of 3rd period - Wrist shot by Markus Granlund.
15:15 of 3rd period - Stopped by Alexandar Georgiev without a rebound.
15:16 of 3rd period - Stefan Matteau wins face-off versus Anton Gustafsson in Monarchs zone.
15:41 of 3rd period - Jacob Josefson is hit by Chris Lawrence and loses puck.
16:22 of 3rd period - Snap shot by Travis Konecny.
16:22 of 3rd period - Stopped by Tristan Jarry with a rebound.
16:24 of 3rd period - Slapshot by Zach Werenski.
16:24 of 3rd period - Shot Blocked by Josh Morrissey.
16:26 of 3rd period - Snap shot by Travis Konecny.
16:26 of 3rd period - Stopped by Tristan Jarry with a rebound.
16:58 of 3rd period - Nicolas Kerdiles is hit by Zach Werenski and loses puck.
17:22 of 3rd period - Icing by Nick Ritchie.
17:23 of 3rd period - Markus Granlund wins face-off versus Stefan Matteau in Monarchs zone.
18:48 of 3rd period - Joel Eriksson Ek is hit by Scott Laughton and loses puck.
19:16 of 3rd period - Joonas Lyytinen is hit by Markus Granlund and loses puck.
19:53 of 3rd period - Icing by Nicholas Baptiste.
19:54 of 3rd period - Stefan Matteau wins face-off versus Brett Connolly in Monarchs zone.
19:54 of 3rd period - Stefan Matteau is hit by T.J Brodie.
Goals for this period are 1 for Carnivores vs 2 for Monarchs .
Shots for this period are 6 for Carnivores vs 9 for Monarchs .